%YAML 1.1
%TAG !u! tag:unity3d.com,2011:
--- !u!1 &5584751274785744322
GameObject:
  m_ObjectHideFlags: 0
  m_CorrespondingSourceObject: {fileID: 0}
  m_PrefabInstance: {fileID: 0}
  m_PrefabAsset: {fileID: 0}
  serializedVersion: 6
  m_Component:
  - component: {fileID: 5726922381085214659}
  - component: {fileID: 7041556572219942437}
  - component: {fileID: 1690446590578450053}
  - component: {fileID: 1999009499605481552}
  m_Layer: 0
  m_Name: HighlightPlate
  m_TagString: Untagged
  m_Icon: {fileID: 0}
  m_NavMeshLayer: 0
  m_StaticEditorFlags: 0
  m_IsActive: 1
--- !u!4 &5726922381085214659
Transform:
  m_ObjectHideFlags: 0
  m_CorrespondingSourceObject: {fileID: 0}
  m_PrefabInstance: {fileID: 0}
  m_PrefabAsset: {fileID: 0}
  m_GameObject: {fileID: 5584751274785744322}
  m_LocalRotation: {x: 0, y: 0, z: 0, w: 1}
  m_LocalPosition: {x: 0, y: 0, z: 0}
  m_LocalScale: {x: 0.096, y: 0.032, z: 0.01}
  m_Children: []
  m_Father: {fileID: 5464736808914323253}
  m_RootOrder: 1
  m_LocalEulerAnglesHint: {x: 0, y: 0, z: 0}
--- !u!33 &7041556572219942437
MeshFilter:
  m_ObjectHideFlags: 0
  m_CorrespondingSourceObject: {fileID: 0}
  m_PrefabInstance: {fileID: 0}
  m_PrefabAsset: {fileID: 0}
  m_GameObject: {fileID: 5584751274785744322}
  m_Mesh: {fileID: 10210, guid: 0000000000000000e000000000000000, type: 0}
--- !u!23 &1690446590578450053
MeshRenderer:
  m_ObjectHideFlags: 0
  m_CorrespondingSourceObject: {fileID: 0}
  m_PrefabInstance: {fileID: 0}
  m_PrefabAsset: {fileID: 0}
  m_GameObject: {fileID: 5584751274785744322}
  m_Enabled: 1
  m_CastShadows: 0
  m_ReceiveShadows: 0
  m_DynamicOccludee: 1
  m_MotionVectors: 2
  m_LightProbeUsage: 0
  m_ReflectionProbeUsage: 0
  m_RayTracingMode: 2
  m_RenderingLayerMask: 1
  m_RendererPriority: 0
  m_Materials:
  - {fileID: 0}
  m_StaticBatchInfo:
    firstSubMesh: 0
    subMeshCount: 0
  m_StaticBatchRoot: {fileID: 0}
  m_ProbeAnchor: {fileID: 0}
  m_LightProbeVolumeOverride: {fileID: 0}
  m_ScaleInLightmap: 1
  m_ReceiveGI: 1
  m_PreserveUVs: 0
  m_IgnoreNormalsForChartDetection: 0
  m_ImportantGI: 0
  m_StitchLightmapSeams: 0
  m_SelectedEditorRenderState: 3
  m_MinimumChartSize: 4
  m_AutoUVMaxDistance: 0.5
  m_AutoUVMaxAngle: 89
  m_LightmapParameters: {fileID: 0}
  m_SortingLayerID: 0
  m_SortingLayer: 0
  m_SortingOrder: 0
--- !u!114 &1999009499605481552
MonoBehaviour:
  m_ObjectHideFlags: 0
  m_CorrespondingSourceObject: {fileID: 0}
  m_PrefabInstance: {fileID: 0}
  m_PrefabAsset: {fileID: 0}
  m_GameObject: {fileID: 5584751274785744322}
  m_Enabled: 1
  m_EditorHideFlags: 0
  m_Script: {fileID: 11500000, guid: caf309545b476f649949bf93bf4830d1, type: 3}
  m_Name: 
  m_EditorClassIdentifier: 
  defaultMaterials:
  - {fileID: 2100000, guid: af20fdc6225660d4b9bc4a677817f102, type: 2}
--- !u!114 &8492780247162149627
MonoBehaviour:
  m_ObjectHideFlags: 0
  m_CorrespondingSourceObject: {fileID: 0}
  m_PrefabInstance: {fileID: 0}
  m_PrefabAsset: {fileID: 0}
  m_GameObject: {fileID: 7852638625922536511}
  m_Enabled: 1
  m_EditorHideFlags: 0
  m_Script: {fileID: 11500000, guid: caf309545b476f649949bf93bf4830d1, type: 3}
  m_Name: 
  m_EditorClassIdentifier: 
  defaultMaterials:
  - {fileID: 2100000, guid: 38a587e9218b3284485088c9925af61f, type: 2}
--- !u!114 &4167774826248142547
MonoBehaviour:
  m_ObjectHideFlags: 0
  m_CorrespondingSourceObject: {fileID: 0}
  m_PrefabInstance: {fileID: 0}
  m_PrefabAsset: {fileID: 0}
  m_GameObject: {fileID: 3529858862052842854}
  m_Enabled: 1
  m_EditorHideFlags: 0
  m_Script: {fileID: 11500000, guid: caf309545b476f649949bf93bf4830d1, type: 3}
  m_Name: 
  m_EditorClassIdentifier: 
  defaultMaterials:
  - {fileID: 2100000, guid: 329cdefad4cf0f14e9b6767d0af094b0, type: 2}
--- !u!114 &8091290438430183224
MonoBehaviour:
  m_ObjectHideFlags: 0
  m_CorrespondingSourceObject: {fileID: 0}
  m_PrefabInstance: {fileID: 0}
  m_PrefabAsset: {fileID: 0}
  m_GameObject: {fileID: 3356769773509391528}
  m_Enabled: 1
  m_EditorHideFlags: 0
  m_Script: {fileID: 11500000, guid: caf309545b476f649949bf93bf4830d1, type: 3}
  m_Name: 
  m_EditorClassIdentifier: 
  defaultMaterials:
  - {fileID: 21202819797275496, guid: 6a84f857bec7e7345843ae29404c57ce, type: 2}
--- !u!114 &5455504645254218833
MonoBehaviour:
  m_ObjectHideFlags: 0
  m_CorrespondingSourceObject: {fileID: 0}
  m_PrefabInstance: {fileID: 0}
  m_PrefabAsset: {fileID: 0}
  m_GameObject: {fileID: 1413787649331007401}
  m_Enabled: 1
  m_EditorHideFlags: 0
  m_Script: {fileID: 11500000, guid: caf309545b476f649949bf93bf4830d1, type: 3}
  m_Name: 
  m_EditorClassIdentifier: 
  defaultMaterials:
  - {fileID: 2100000, guid: ec72a3a105768f746b556a8dfdae61a8, type: 2}
--- !u!114 &2484660482079231603
MonoBehaviour:
  m_ObjectHideFlags: 0
  m_CorrespondingSourceObject: {fileID: 0}
  m_PrefabInstance: {fileID: 0}
  m_PrefabAsset: {fileID: 0}
  m_GameObject: {fileID: 3254142563872119953}
  m_Enabled: 1
  m_EditorHideFlags: 0
  m_Script: {fileID: 11500000, guid: caf309545b476f649949bf93bf4830d1, type: 3}
  m_Name: 
  m_EditorClassIdentifier: 
  defaultMaterials:
  - {fileID: 2100000, guid: ec72a3a105768f746b556a8dfdae61a8, type: 2}
--- !u!114 &2944437235859835606
MonoBehaviour:
  m_ObjectHideFlags: 0
  m_CorrespondingSourceObject: {fileID: 0}
  m_PrefabInstance: {fileID: 0}
  m_PrefabAsset: {fileID: 0}
  m_GameObject: {fileID: 7852638627079391821}
  m_Enabled: 1
  m_EditorHideFlags: 0
  m_Script: {fileID: 11500000, guid: caf309545b476f649949bf93bf4830d1, type: 3}
  m_Name: 
  m_EditorClassIdentifier: 
  defaultMaterials:
  - {fileID: 21202819797275496, guid: 6a84f857bec7e7345843ae29404c57ce, type: 2}
--- !u!114 &3068347827528027680
MonoBehaviour:
  m_ObjectHideFlags: 0
  m_CorrespondingSourceObject: {fileID: 0}
  m_PrefabInstance: {fileID: 0}
  m_PrefabAsset: {fileID: 0}
  m_GameObject: {fileID: 7852638625971058451}
  m_Enabled: 1
  m_EditorHideFlags: 0
  m_Script: {fileID: 11500000, guid: caf309545b476f649949bf93bf4830d1, type: 3}
  m_Name: 
  m_EditorClassIdentifier: 
  defaultMaterials:
  - {fileID: 2100000, guid: fa419ab56051229449e3b813df8f295f, type: 2}
--- !u!114 &7982428486290027038
MonoBehaviour:
  m_ObjectHideFlags: 0
  m_CorrespondingSourceObject: {fileID: 0}
  m_PrefabInstance: {fileID: 0}
  m_PrefabAsset: {fileID: 0}
  m_GameObject: {fileID: 3707594397916054961}
  m_Enabled: 1
  m_EditorHideFlags: 0
  m_Script: {fileID: 11500000, guid: caf309545b476f649949bf93bf4830d1, type: 3}
  m_Name: 
  m_EditorClassIdentifier: 
  defaultMaterials:
  - {fileID: 2180264, guid: 8f586378b4e144a9851e7b34d9b748ee, type: 2}
--- !u!114 &8029869825787019404
MonoBehaviour:
  m_ObjectHideFlags: 0
  m_CorrespondingSourceObject: {fileID: 0}
  m_PrefabInstance: {fileID: 0}
  m_PrefabAsset: {fileID: 0}
  m_GameObject: {fileID: 7061186819667946004}
  m_Enabled: 1
  m_EditorHideFlags: 0
  m_Script: {fileID: 11500000, guid: caf309545b476f649949bf93bf4830d1, type: 3}
  m_Name: 
  m_EditorClassIdentifier: 
  defaultMaterials:
  - {fileID: 10754, guid: 0000000000000000f000000000000000, type: 0}
--- !u!114 &3060551277998555704
MonoBehaviour:
  m_ObjectHideFlags: 0
  m_CorrespondingSourceObject: {fileID: 0}
  m_PrefabInstance: {fileID: 0}
  m_PrefabAsset: {fileID: 0}
  m_GameObject: {fileID: 6825125671181949171}
  m_Enabled: 1
  m_EditorHideFlags: 0
  m_Script: {fileID: 11500000, guid: caf309545b476f649949bf93bf4830d1, type: 3}
  m_Name: 
  m_EditorClassIdentifier: 
  defaultMaterials:
  - {fileID: 2100000, guid: d263b1c7b0982b04f8cf95851e838930, type: 2}
--- !u!114 &7793125268586737292
MonoBehaviour:
  m_ObjectHideFlags: 0
  m_CorrespondingSourceObject: {fileID: 0}
  m_PrefabInstance: {fileID: 0}
  m_PrefabAsset: {fileID: 0}
  m_GameObject: {fileID: 7012758624919852092}
  m_Enabled: 1
  m_EditorHideFlags: 0
  m_Script: {fileID: 11500000, guid: caf309545b476f649949bf93bf4830d1, type: 3}
  m_Name: 
  m_EditorClassIdentifier: 
  defaultMaterials:
  - {fileID: 2100000, guid: 1ccfc827337533c49897a0179bda4e6e, type: 2}
--- !u!114 &4340307011018764934
MonoBehaviour:
  m_ObjectHideFlags: 0
  m_CorrespondingSourceObject: {fileID: 0}
  m_PrefabInstance: {fileID: 0}
  m_PrefabAsset: {fileID: 0}
  m_GameObject: {fileID: 6592844926838973906}
  m_Enabled: 1
  m_EditorHideFlags: 0
  m_Script: {fileID: 11500000, guid: caf309545b476f649949bf93bf4830d1, type: 3}
  m_Name: 
  m_EditorClassIdentifier: 
  defaultMaterials:
  - {fileID: 2100000, guid: 552f1a3245d3edc4a96fe296c950532a, type: 2}
--- !u!1001 &7760020003108752554
PrefabInstance:
  m_ObjectHideFlags: 0
  serializedVersion: 2
  m_Modification:
    m_TransformParent: {fileID: 0}
    m_Modifications:
    - target: {fileID: 248185997365983903, guid: bf131ef81694d6b41b6b57098e74066f,
        type: 3}
      propertyPath: m_Materials.Array.data[0]
      value: 
      objectReference: {fileID: 0}
    - target: {fileID: 277254209032825806, guid: bf131ef81694d6b41b6b57098e74066f,
        type: 3}
      propertyPath: m_IsActive
      value: 0
      objectReference: {fileID: 0}
    - target: {fileID: 525527171895580810, guid: bf131ef81694d6b41b6b57098e74066f,
        type: 3}
      propertyPath: m_Materials.Array.data[0]
      value: 
      objectReference: {fileID: 0}
    - target: {fileID: 525527172115151801, guid: bf131ef81694d6b41b6b57098e74066f,
        type: 3}
      propertyPath: m_IsActive
      value: 1
      objectReference: {fileID: 0}
    - target: {fileID: 525527172115151807, guid: bf131ef81694d6b41b6b57098e74066f,
        type: 3}
      propertyPath: m_Materials.Array.data[0]
      value: 
      objectReference: {fileID: 0}
    - target: {fileID: 525527172146893300, guid: bf131ef81694d6b41b6b57098e74066f,
        type: 3}
      propertyPath: m_RootOrder
      value: 0
      objectReference: {fileID: 0}
    - target: {fileID: 525527172146893300, guid: bf131ef81694d6b41b6b57098e74066f,
        type: 3}
      propertyPath: m_LocalPosition.x
      value: 0.025
      objectReference: {fileID: 0}
    - target: {fileID: 525527172146893300, guid: bf131ef81694d6b41b6b57098e74066f,
        type: 3}
      propertyPath: m_LocalPosition.y
      value: -0.025
      objectReference: {fileID: 0}
    - target: {fileID: 525527172146893300, guid: bf131ef81694d6b41b6b57098e74066f,
        type: 3}
      propertyPath: m_LocalPosition.z
      value: 0
      objectReference: {fileID: 0}
    - target: {fileID: 525527172146893300, guid: bf131ef81694d6b41b6b57098e74066f,
        type: 3}
      propertyPath: m_LocalRotation.w
      value: 1
      objectReference: {fileID: 0}
    - target: {fileID: 525527172146893300, guid: bf131ef81694d6b41b6b57098e74066f,
        type: 3}
      propertyPath: m_LocalRotation.x
      value: -0
      objectReference: {fileID: 0}
    - target: {fileID: 525527172146893300, guid: bf131ef81694d6b41b6b57098e74066f,
        type: 3}
      propertyPath: m_LocalRotation.y
      value: -0
      objectReference: {fileID: 0}
    - target: {fileID: 525527172146893300, guid: bf131ef81694d6b41b6b57098e74066f,
        type: 3}
      propertyPath: m_LocalRotation.z
      value: -0
      objectReference: {fileID: 0}
    - target: {fileID: 525527172146893300, guid: bf131ef81694d6b41b6b57098e74066f,
        type: 3}
      propertyPath: m_LocalEulerAnglesHint.x
      value: 0
      objectReference: {fileID: 0}
    - target: {fileID: 525527172146893300, guid: bf131ef81694d6b41b6b57098e74066f,
        type: 3}
      propertyPath: m_LocalEulerAnglesHint.y
      value: 0
      objectReference: {fileID: 0}
    - target: {fileID: 525527172146893300, guid: bf131ef81694d6b41b6b57098e74066f,
        type: 3}
      propertyPath: m_LocalEulerAnglesHint.z
      value: 0
      objectReference: {fileID: 0}
    - target: {fileID: 525527172667512597, guid: bf131ef81694d6b41b6b57098e74066f,
        type: 3}
      propertyPath: m_Name
      value: ToggleRectButton
      objectReference: {fileID: 0}
    - target: {fileID: 525527173154277018, guid: bf131ef81694d6b41b6b57098e74066f,
        type: 3}
      propertyPath: m_Materials.Array.data[0]
      value: 
      objectReference: {fileID: 0}
    - target: {fileID: 525527173154277019, guid: bf131ef81694d6b41b6b57098e74066f,
        type: 3}
      propertyPath: m_Mesh
      value: 
      objectReference: {fileID: 0}
    - target: {fileID: 525527173154277093, guid: bf131ef81694d6b41b6b57098e74066f,
        type: 3}
      propertyPath: m_textAlignment
      value: 65535
      objectReference: {fileID: 0}
    - target: {fileID: 525527173154277093, guid: bf131ef81694d6b41b6b57098e74066f,
        type: 3}
      propertyPath: m_sharedMaterial
      value: 
      objectReference: {fileID: 21202819797275496, guid: 6a84f857bec7e7345843ae29404c57ce,
        type: 2}
    - target: {fileID: 525527173154277093, guid: bf131ef81694d6b41b6b57098e74066f,
        type: 3}
      propertyPath: m_TextStyleHashCode
      value: -1183493901
      objectReference: {fileID: 0}
    - target: {fileID: 525527173154277093, guid: bf131ef81694d6b41b6b57098e74066f,
        type: 3}
      propertyPath: m_VerticalAlignment
      value: 512
      objectReference: {fileID: 0}
    - target: {fileID: 525527173154277095, guid: bf131ef81694d6b41b6b57098e74066f,
        type: 3}
      propertyPath: m_IsActive
      value: 1
      objectReference: {fileID: 0}
    - target: {fileID: 675263611170671961, guid: bf131ef81694d6b41b6b57098e74066f,
        type: 3}
      propertyPath: m_Materials.Array.data[0]
      value: 
      objectReference: {fileID: 0}
    - target: {fileID: 711425039870222304, guid: bf131ef81694d6b41b6b57098e74066f,
        type: 3}
      propertyPath: m_Materials.Array.data[0]
      value: 
      objectReference: {fileID: 0}
    - target: {fileID: 784598047804790934, guid: bf131ef81694d6b41b6b57098e74066f,
        type: 3}
      propertyPath: m_IsActive
      value: 0
      objectReference: {fileID: 0}
    - target: {fileID: 2750649811882459308, guid: bf131ef81694d6b41b6b57098e74066f,
        type: 3}
      propertyPath: m_Mesh
      value: 
      objectReference: {fileID: 0}
    - target: {fileID: 3820907047080825945, guid: bf131ef81694d6b41b6b57098e74066f,
        type: 3}
      propertyPath: m_IsActive
      value: 0
      objectReference: {fileID: 0}
    - target: {fileID: 4644669709402420219, guid: bf131ef81694d6b41b6b57098e74066f,
        type: 3}
      propertyPath: m_Materials.Array.data[0]
      value: 
      objectReference: {fileID: 0}
    - target: {fileID: 5086860307845517371, guid: bf131ef81694d6b41b6b57098e74066f,
        type: 3}
      propertyPath: m_Name
      value: Plate
      objectReference: {fileID: 0}
    - target: {fileID: 5086860307845517371, guid: bf131ef81694d6b41b6b57098e74066f,
        type: 3}
      propertyPath: m_IsActive
      value: 1
      objectReference: {fileID: 0}
    - target: {fileID: 7391195721164680943, guid: bf131ef81694d6b41b6b57098e74066f,
        type: 3}
      propertyPath: m_Materials.Array.data[0]
      value: 
      objectReference: {fileID: 0}
    - target: {fileID: 8184056986393049250, guid: bf131ef81694d6b41b6b57098e74066f,
        type: 3}
      propertyPath: m_Materials.Array.data[0]
      value: 
      objectReference: {fileID: 0}
    - target: {fileID: 8190668384545042358, guid: bf131ef81694d6b41b6b57098e74066f,
        type: 3}
      propertyPath: m_Materials.Array.data[0]
      value: 
      objectReference: {fileID: 0}
    - target: {fileID: 8460858985195613625, guid: bf131ef81694d6b41b6b57098e74066f,
        type: 3}
      propertyPath: m_Materials.Array.data[0]
      value: 
      objectReference: {fileID: 0}
    - target: {fileID: 8657980284614181967, guid: bf131ef81694d6b41b6b57098e74066f,
        type: 3}
      propertyPath: m_textAlignment
      value: 65535
      objectReference: {fileID: 0}
    - target: {fileID: 8657980284614181967, guid: bf131ef81694d6b41b6b57098e74066f,
        type: 3}
      propertyPath: m_TextStyleHashCode
      value: -1183493901
      objectReference: {fileID: 0}
    - target: {fileID: 8657980284614181967, guid: bf131ef81694d6b41b6b57098e74066f,
        type: 3}
      propertyPath: m_VerticalAlignment
      value: 512
      objectReference: {fileID: 0}
    - target: {fileID: 8657980284614181967, guid: bf131ef81694d6b41b6b57098e74066f,
        type: 3}
      propertyPath: m_HorizontalAlignment
      value: 2
      objectReference: {fileID: 0}
    - target: {fileID: 9189605629204031139, guid: bf131ef81694d6b41b6b57098e74066f,
        type: 3}
      propertyPath: m_Materials.Array.data[0]
      value: 
      objectReference: {fileID: 0}
    m_RemovedComponents: []
  m_SourcePrefab: {fileID: 100100000, guid: bf131ef81694d6b41b6b57098e74066f, type: 3}
--- !u!1 &7852638625922536511 stripped
GameObject:
  m_CorrespondingSourceObject: {fileID: 525527171895580821, guid: bf131ef81694d6b41b6b57098e74066f,
    type: 3}
  m_PrefabInstance: {fileID: 7760020003108752554}
  m_PrefabAsset: {fileID: 0}
--- !u!1 &3529858862052842854 stripped
GameObject:
  m_CorrespondingSourceObject: {fileID: 6579111420906279372, guid: bf131ef81694d6b41b6b57098e74066f,
    type: 3}
  m_PrefabInstance: {fileID: 7760020003108752554}
  m_PrefabAsset: {fileID: 0}
--- !u!1 &3356769773509391528 stripped
GameObject:
  m_CorrespondingSourceObject: {fileID: 4982253627263596546, guid: bf131ef81694d6b41b6b57098e74066f,
    type: 3}
  m_PrefabInstance: {fileID: 7760020003108752554}
  m_PrefabAsset: {fileID: 0}
--- !u!1 &1413787649331007401 stripped
GameObject:
  m_CorrespondingSourceObject: {fileID: 8660397294845985539, guid: bf131ef81694d6b41b6b57098e74066f,
    type: 3}
  m_PrefabInstance: {fileID: 7760020003108752554}
  m_PrefabAsset: {fileID: 0}
--- !u!4 &5464736808914323253 stripped
Transform:
  m_CorrespondingSourceObject: {fileID: 2334980310173617055, guid: bf131ef81694d6b41b6b57098e74066f,
    type: 3}
  m_PrefabInstance: {fileID: 7760020003108752554}
  m_PrefabAsset: {fileID: 0}
--- !u!1 &3254142563872119953 stripped
GameObject:
  m_CorrespondingSourceObject: {fileID: 5086860307845517371, guid: bf131ef81694d6b41b6b57098e74066f,
    type: 3}
  m_PrefabInstance: {fileID: 7760020003108752554}
  m_PrefabAsset: {fileID: 0}
--- !u!1 &7852638627079391821 stripped
GameObject:
  m_CorrespondingSourceObject: {fileID: 525527173154277095, guid: bf131ef81694d6b41b6b57098e74066f,
    type: 3}
  m_PrefabInstance: {fileID: 7760020003108752554}
  m_PrefabAsset: {fileID: 0}
--- !u!1 &7852638625971058451 stripped
GameObject:
  m_CorrespondingSourceObject: {fileID: 525527172115151801, guid: bf131ef81694d6b41b6b57098e74066f,
    type: 3}
  m_PrefabInstance: {fileID: 7760020003108752554}
  m_PrefabAsset: {fileID: 0}
--- !u!1 &3707594397916054961 stripped
GameObject:
  m_CorrespondingSourceObject: {fileID: 6396558849146013979, guid: bf131ef81694d6b41b6b57098e74066f,
    type: 3}
  m_PrefabInstance: {fileID: 7760020003108752554}
  m_PrefabAsset: {fileID: 0}
--- !u!1 &7061186819667946004 stripped
GameObject:
  m_CorrespondingSourceObject: {fileID: 742884018663679678, guid: bf131ef81694d6b41b6b57098e74066f,
    type: 3}
  m_PrefabInstance: {fileID: 7760020003108752554}
  m_PrefabAsset: {fileID: 0}
--- !u!1 &6825125671181949171 stripped
GameObject:
  m_CorrespondingSourceObject: {fileID: 3820907047080825945, guid: bf131ef81694d6b41b6b57098e74066f,
    type: 3}
  m_PrefabInstance: {fileID: 7760020003108752554}
  m_PrefabAsset: {fileID: 0}
--- !u!1 &7012758624919852092 stripped
GameObject:
  m_CorrespondingSourceObject: {fileID: 784598047804790934, guid: bf131ef81694d6b41b6b57098e74066f,
    type: 3}
  m_PrefabInstance: {fileID: 7760020003108752554}
  m_PrefabAsset: {fileID: 0}
--- !u!1 &6592844926838973906 stripped
GameObject:
  m_CorrespondingSourceObject: {fileID: 3517131623722133880, guid: bf131ef81694d6b41b6b57098e74066f,
    type: 3}
  m_PrefabInstance: {fileID: 7760020003108752554}
  m_PrefabAsset: {fileID: 0}
